 Dungeon Crawl Stone Soup version 0.30-a0-1176-gcdfb0321a8 (webtiles) character file.

Game seed: 18363252547667706758

37 Conn the Firebug (level 3, -2/21 HPs)
             Began as an Octopode Fire Elementalist on Apr 30, 2023.
             Killed from afar by an orc wizard (9 damage)
             ... with a magic dart
             ... on level 2 of the Dungeon.
             The game lasted 00:02:26 (1235 turns).

Conn the Firebug (Octopode Fire Elementalist)       Turns: 1235, Time: 00:02:26

Health: -2/21      AC:  1    Str:  7    XL:     3   Next: 39%
Magic:  0/6        EV: 13    Int: 19    God:
Gold:   65         SH:  0    Dex: 12    Spells: 5/6 levels left

rFire   . . .        c - +0 short sword
rCold   . . .        (no shield)
rNeg    . . .        (helmet restricted)
rPois   .            (no amulet)
rElec   .            (no ring)
rCorr   .            (no ring)
SInv    .            (no ring)
Will    .....        (no ring)
Stlth   +++          (no ring)
HPRegen 0.23/turn    (no ring)
MPRegen 0.10/turn    (no ring)
                     (no ring)

%: no passive effects
@: flying
A: almost no armour, amphibious, 8 rings, camouflage 1, gelatinous body 1,
(nimble swimmer 1), tentacles
a: no special abilities


You were on level 2 of the Dungeon.
You visited 1 branch of the dungeon, and saw 2 of its levels.

You collected 65 gold pieces.

Inventory:

Hand Weapons
 c - a +0 short sword (weapon)
Jewellery
 d - a ring of protection from cold
Scrolls
 e - 3 scrolls of noise {unknown}
 g - a scroll of torment {unknown}
Potions
 a - a potion of magic


   Skills:
 + Level 2.2 Dodging
 + Level 3.2 Stealth
 + Level 2.3 Spellcasting
 + Level 1.0 Conjurations
 + Level 3.7 Fire Magic


You had 5 spell levels left.
You knew the following spells:

 Your Spells              Type           Power      Damage    Failure   Level
a - Foxfire               Conj/Fire      44%        2x1d6     6%          1

Your spell library contained the following spells:

 Spells                   Type           Power      Damage    Failure   Level
 Scorch                   Fire           32%        2d6       5%          2
 Inner Flame              Hex/Fire       9%         N/A       22%         3
 Volatile Blastmotes      Fire/Tloc      18%        2d11      22%         3
 Flame Wave               Conj/Fire      11%        2d6       52%         4


Dungeon Overview and Level Annotations

Branches:
Dungeon (2/15)

Altars:


Innate Abilities, Weirdness & Mutations

You cannot wear most types of armour.
You are amphibious.
You can wear up to eight rings at the same time.
Your skin changes colour to match your surroundings (Stealth+).
Your rubbery body absorbs attacks. (AC +1, EV +1)
((You are camouflaged when in or above water. (Stealth+)))
You have tentacles for arms and can constrict up to eight enemies at once.


Message History

A frilled lizard comes into view.
Casting: Foxfire (safe; 6% risk of failure)
Confirm with . or Enter, or press ? or * to list all spells.
You conjure some foxfire!
The orc wizard casts a spell at you. The puff of flame hits you!
You hit the orc wizard but do no damage.
Your grab misses the orc wizard.
The orc wizard is lightly wounded.
The foxfire hits the orc wizard but does no damage.
The orc wizard is lightly wounded.
The foxfire hits the orc wizard.
The orc wizard is heavily wounded.
The foxfire hits the orc wizard but does no damage.
The orc wizard is heavily wounded.
The foxfire hits the orc wizard but does no damage.
The orc wizard is heavily wounded.
The orc wizard hits you with a +0 dagger.
It was a potion of flight.
You feel very buoyant.
You fly up into the air.
The orc wizard casts a spell at you. You resist with significant effort.
Okay, then.
As you read the scroll labelled ZAONGU ZAMA, it crumbles to dust.
You feel strangely unstable.
It was a scroll of teleportation.
The orc wizard hits you with a +0 dagger.
The frilled lizard misses you.
The orc wizard points at you and mumbles some strange words.
The magic dart hits you.
Your surroundings seem slightly different.
Casting: Foxfire (safe; 6% risk of failure)
Confirm with . or Enter, or press ? or * to list all spells.
You conjure some foxfire!
Your foxfire dissipates!
The foxfire hits the frilled lizard.
You kill the frilled lizard!
The orc wizard casts a spell at you. The magic dart hits you!
You die...

#.#.## # #....##.#
#.......# #....#####.#
#.######.#.#).....#
...........#.######
#.#####(#..#.#
...##.######...#.######
.......@.§§.o..#......#
....########†..######.#
# #.........# #.#
#r#####).## #.# #)##
#.# #.# #.# r..o.<..#
#.# ...###### #.# #.#


You could see an orc wizard.

Vanquished Creatures
  2 dart slugs (D:1)
  2 orcs (D:2)
  2 ball pythons (D:1)
  3 endoplasms
  3 giant cockroaches
  2 hobgoblins (D:1)
  4 kobolds (D:1)
  A quokka (D:1)
  A frilled lizard (D:2)
  4 goblins
  3 rats (D:1)
27 creatures vanquished.

Vanquished Creatures (others)
  59 foxfires
59 creatures vanquished.

Grand Total: 86 creatures vanquished

Notes
Turn   | Place    | Note
-------+----------+-------------------------------------------
     0 | D:1      | Conn the Octopode Fire Elementalist began the quest for the
                  | Orb.
     0 | D:1      | Reached XP level 1. HP: 11/11 MP: 3/3
   313 | D:1      | Reached XP level 2. HP: 17/17 MP: 0/5
   955 | D:1      | Reached XP level 3. HP: 21/21 MP: 6/6
  1235 | D:2      | Killed from afar by an orc wizard

Illustrated notes

Levels and vault maps discovered:
D:1:      eino_arrival_cavern_a, layout_basic
D:2:      layout_loops_ring

Skill      XL: |  1  2  3 |
---------------+----------+-----
Stealth        | 3 |  3.2
Dodging        | |  2.2
Spellcasting   | |  2.3
Conjurations   | |  1.0
Fire Magic     | |  3.7

Action                     || total
---------------------------++-------
  Melee: Short sword       ||    35
         Constrict         ||     7
         Tentacles         ||     7
         Punch             ||     1
   Cast: Foxfire           ||    38
    Use: Scroll            ||     1
         Potion            ||     1
   Stab: Sleeping          ||     3
 Armour: Skin              ||     4
  Dodge: Dodged            ||    21

Table legend: (Time is in decaauts)
 A = Elapsed time spent in this place.
 B = Non-inter-level travel time spent in this place.
 C = Inter-level travel time spent in this place.
 D = Time resting spent in this place.
 E = Time spent auto-exploring this place.
 F = Levels seen in this place.
 G = Mean time per level.
                   A        B        C        D        E       F      G
               +--------+--------+--------+--------+--------+-----+--------+
         Total |   1234 |   1218 |     16 |      0 |    934 |   2 |  617.0 |
       Dungeon |   1234 |   1218 |     16 |      0 |    934 |   2 |  617.0 |
               +--------+--------+--------+--------+--------+-----+--------+

Top non-repeatable levels by time:
     D:1: 1095 daAuts
     D:2: 138 daAuts
